Map: Abyssal Reef LE

Players

Harstem

  • Race: Protoss Protoss
  • Spawn Location: 11:00

TYTY (TY) - Winner!

  • Race: Terran Terran
  • Spawn Location: 5:00

Event: IEM XI Katowice - World Championship 2017

VOD

Have the link to the VOD?

Description

Time

  • Played on: March 2, 2017, 12:28 p.m.
  • Length: 15:48

All games in this series

Show
View Real Time Build Order
Export as new Build Order

Harstem Protoss 

Build Orders: 1 Gate Expand, Oracle Opening, Phoenix Opening 

Get SALT Encoding   

  12  0:00  Probe (Chrono Boost)  
  13  0:11  Probe (Chrono Boost)  
  14  0:18  Pylon  
  14  0:22  Probe (Chrono Boost)  
  15  0:36  Gateway, Probe (Chrono Boost)  
  16  0:47  Probe (Chrono Boost)  
  16  0:48  Assimilator  
  17  0:57  Probe (Chrono Boost)  
  18  1:08  Probe (Chrono Boost)  
  19  1:20  Nexus  
  19  1:29  Cybernetics Core  
  19  1:33  Probe (Chrono Boost)  
  19  1:38  Assimilator  
  20  1:44  Probe (Chrono Boost)  
  21  1:47  Pylon  
  21  1:54  Probe (Chrono Boost)  
  22  2:04  Adept  
  26  2:17  Probe (Chrono Boost)  
  26  2:18  Stargate  
  25  2:26  Warp Gate  
  25  2:28  Adept  
  25  2:29  Probe (Chrono Boost)  
  26  2:32  Probe (Chrono Boost)  
  29  2:41  Probe (Chrono Boost)  
  29  2:43  Probe (Chrono Boost)  
  31  2:53  Probe x2 (Chrono Boost)  
  31  2:58  Oracle  
  33  3:04  Probe (Chrono Boost)  
  33  3:05  Probe (Chrono Boost)  
  38  3:17  Probe (Chrono Boost)  
  39  3:20  Nexus  
  39  3:23  Probe (Chrono Boost)  
  40  3:36  Probe (Chrono Boost)  
  40  3:41  Probe (Chrono Boost)  
  40  3:42  Phoenix  
  44  3:51  Probe (Chrono Boost), Pylon, Mothership Core (Chrono Boost)  
  45  3:59  Gateway  
  45  4:01  Gateway  
  45  4:02  Probe (Chrono Boost)  
  47  4:10  Probe (Chrono Boost)  
  47  4:11  Pylon, Phoenix  
  47  4:12  Probe (Chrono Boost)  
  50  4:22  Probe (Chrono Boost)  
  50  4:23  Probe (Chrono Boost), Forge  
  52  4:31  Twilight Council  
  52  4:32  Probe (Chrono Boost)  
  52  4:34  Probe (Chrono Boost)  
  52  4:35  Adept  
  52  4:38  Probe (Chrono Boost)  
  57  4:41  Protoss Ground Weapons Level 1  
  57  4:44  Assimilator  
  57  4:47  Assimilator  
  57  4:50  Probe x2 (Chrono Boost)  
  59  4:53  Pylon, Probe (Chrono Boost)  
  59  4:55  Resonating Glaives  
  60  5:02  Adept x2  
  60  5:03  Probe x2 (Chrono Boost)  
  67  5:07  Probe (Chrono Boost)  
  67  5:10  Adept  
  70  5:15  Probe (Chrono Boost)  
  70  5:17  Phoenix  
  70  5:18  Probe (Chrono Boost)  
  73  5:25  Probe (Chrono Boost)  
  73  5:27  Adept, Probe (Chrono Boost)  
  77  5:35  Probe (Chrono Boost)  
  79  5:36  Pylon  
  79  5:37  Probe (Chrono Boost)  
  79  5:39  Phoenix  
  82  5:43  Sentry, Probe (Chrono Boost)  
  82  5:46  Pylon  
  82  5:47  Probe (Chrono Boost)  
  85  5:52  Pylon  
  85  5:54  Pylon  
  85  5:56  Adept, Probe (Chrono Boost)  
  88  5:59  Pylon, Adept  
  88  6:01  Phoenix  
  91  6:05  Probe (Chrono Boost)  
  93  6:20  Probe (Chrono Boost)  
  93  6:23  Phoenix, Probe (Chrono Boost)  
  93  6:24  Adept x3, Probe (Chrono Boost)  
  99  6:29  Protoss Ground Armor Level 1, Robotics Facility  
  101  6:34  Gateway  
  101  6:35  Pylon  
  101  6:37  Probe (Chrono Boost)  
  102  6:42  Probe x2 (Chrono Boost)  
  102  6:46  Gateway  
  104  6:48  Gateway  
  104  6:49  Gateway  
  104  6:50  Probe (Chrono Boost)  
  104  6:52  Adept  
  108  6:54  Probe (Chrono Boost)  
  108  6:57  Pylon  
  108  7:02  Adept x2  
  108  7:05  Phoenix, Probe (Chrono Boost)  
  108  7:06  Assimilator  
  108  7:07  Pylon  
  115  7:26  Adept  
  115  7:27  Adept x2  
  115  7:29  Phoenix  
  119  7:34  Blink  
  119  7:35  Observer  
  119  7:36  Probe (Chrono Boost)  
  123  7:37  Probe (Chrono Boost)  
  123  7:39  Probe (Chrono Boost)  
  125  7:46  Photon Cannon  
  121  7:51  Adept x4  
  121  7:52  Adept  
  121  7:55  Probe (Chrono Boost)  
  121  7:56  Assimilator  
  132  8:02  Immortal  
  132  8:03  Pylon  
  132  8:04  Stalker  
  134  8:12  Probe (Chrono Boost)  
  139  8:13  Robotics Bay, Stalker x2  
  139  8:17  Pylon  
  143  8:21  Protoss Ground Weapons Level 2  
  143  8:25  Sentry  
  145  8:27  Nexus  
  145  8:31  Pylon  
  145  8:32  Pylon  
  145  8:37  Pylon x2  
  145  8:42  Forge  
  145  8:52  Stalker x5  
  155  9:00  Stalker x2  
  159  9:07  Disruptor  
  161  9:19  Stalker x2  
  165  9:27  Adept x5  
  171  9:34  Pylon  
  171  9:36  Pylon  
  169  9:39  Disruptor  
  170  9:52  Adept x4  
  173  9:59  Stalker x3  
  172  10:10  Disruptor, Probe x2 (Chrono Boost)  
  172  10:14  Sentry x2  
  157  10:31  Stalker x4  
  157  10:35  Adept  
  120  10:44  Adept x2  
  120  10:46  Disruptor  
  114  10:50  Probe (Chrono Boost)  
  114  10:51  Probe (Chrono Boost)  
  114  10:54  Adept x4  
  114  10:55  Probe (Chrono Boost)  
  109  11:12  Stalker x3  
  115  11:20  Observer  
  115  11:22  Probe (Chrono Boost)  
  115  11:23  Adept x4  
  115  11:24  Nexus, Mothership Core (Chrono Boost)  
  127  11:37  Protoss Ground Armor Level 2  
  127  11:38  Adept x2  
  130  11:40  Photon Cannon  
  130  11:42  Photon Cannon  
  130  11:48  Protoss Ground Weapons Level 3  
  130  11:53  Photon Cannon  
  130  12:00  Adept  
  130  12:01  Adept x2  
  134  12:03  Adept x4  
  143  12:08  Probe (Chrono Boost)  
  143  12:10  Probe (Chrono Boost)  
  144  12:16  Pylon  
  144  12:17  Gateway  
  144  12:21  Gateway  
  144  12:22  Adept  
  146  12:24  Stalker x3  
  146  12:25  Stalker x2  
  155  12:34  Pylon  
  153  12:38  Adept  
  155  12:52  Adept x5, Sentry  
  155  12:57  Nexus, Pylon  
  165  13:03  Disruptor  
  152  13:13  Stalker x3  
  152  13:26  Adept x3  
  158  13:35  Sentry  
  158  13:36  Sentry, Stalker  
  158  13:39  Observer  
  163  13:45  Probe (Chrono Boost)  
  163  13:48  Sentry, Stalker x2  
  136  14:03  Adept x4  
  119  14:12  Adept x3  
  109  14:17  Adept  
  95  14:24  Adept  
  95  14:25  Adept  
  95  14:29  Adept  
  91  14:39  Stalker x2  
  89  14:49  Adept x2  
  90  15:00  Sentry  
  90  15:01  Sentry, Stalker x2  
  98  15:10  Sentry, Stalker  
  92  15:40  Adept x3, Stalker  
Show
View Real Time Build Order
Export as new Build Order

TYTY Terran - Winner!

Build Orders: Reaper Expand, MMM Bio 

Get SALT Encoding   

  12  0:00  SCV  
  13  0:12  SCV  
  14  0:17  Supply Depot  
  14  0:24  SCV  
  15  0:29  Refinery  
  15  0:39  SCV  
  16  0:45  Barracks  
  16  0:51  SCV  
  17  1:03  SCV  
  18  1:15  SCV  
  19  1:31  Reaper  
  19  1:32  Orbital Command  
  20  1:45  Command Center  
  20  1:57  Factory  
  20  2:01  SCV  
  21  2:07  Supply Depot  
  21  2:11  Barracks Reactor  
  21  2:13  SCV  
  22  2:25  SCV  
  23  2:30  Engineering Bay  
  23  2:37  SCV  
  24  2:51  Starport  
  24  2:52  SCV  
  24  2:53  Hellion x2  
  29  3:00  Orbital Command  
  29  3:01  Marine  
  29  3:04  SCV  
  31  3:16  SCV  
  32  3:27  Marine x2, Widow Mine  
  32  3:28  Viking, SCV  
  32  3:30  SCV  
  39  3:40  SCV  
  38  3:42  SCV  
  38  3:45  Marine  
  38  3:48  Barracks  
  38  3:51  Supply Depot, Barracks  
  38  3:52  SCV  
  38  3:54  Marine, SCV  
  41  3:59  Refinery  
  41  4:04  SCV  
  41  4:05  Starport Tech Lab, Factory Tech Lab  
  41  4:06  SCV  
  43  4:11  Refinery  
  43  4:13  Marine  
  43  4:14  Marine, Refinery  
  43  4:17  SCV  
  46  4:18  SCV  
  47  4:29  SCV  
  47  4:30  SCV  
  49  4:32  Marine x2  
  49  4:35  Starport Reactor  
  49  4:37  Supply Depot  
  51  4:41  SCV  
  51  4:43  SCV  
  51  4:44  Stimpack, Factory Reactor  
  53  4:46  Supply Depot  
  53  4:47  Engineering Bay  
  53  4:53  SCV  
  53  4:59  Marine x4, SCV, Supply Depot  
  59  5:09  SCV  
  59  5:12  Medivac x2  
  65  5:15  Terran Infantry Weapons Level 1  
  65  5:16  Marine x2  
  65  5:17  Refinery  
  65  5:19  Marine x2  
  65  5:21  SCV  
  70  5:23  Supply Depot, Widow Mine x2  
  73  5:29  SCV  
  73  5:32  Missile Turret  
  74  5:35  Marine x2  
  74  5:38  SCV  
  77  5:47  Medivac  
  77  5:48  Medivac  
  82  5:52  Supply Depot, Command Center  
  82  5:54  Marauder  
  82  5:55  Marine, SCV  
  84  5:57  SCV  
  85  6:05  Liberator  
  85  6:06  Supply Depot x2  
  85  6:10  Liberator  
  86  6:13  Widow Mine x2  
  86  6:14  SCV  
  89  6:24  Marine x2  
  92  6:27  SCV  
  92  6:28  Supply Depot  
  97  6:33  Marine x2  
  96  6:40  Combat Shields  
  96  6:41  SCV, Barracks  
  96  6:43  Barracks  
  97  6:48  SCV  
  97  6:50  Marine x2  
  97  6:51  Liberator  
  97  6:53  SCV  
  101  6:56  Widow Mine  
  101  7:00  SCV  
  106  7:04  Marine x2  
  106  7:05  SCV  
  106  7:06  Orbital Command  
  106  7:08  Liberator  
  107  7:09  Marine x2  
  111  7:16  SCV  
  111  7:17  SCV  
  111  7:24  Widow Mine  
  111  7:28  SCV  
  118  7:30  SCV  
  118  7:32  Marine x2  
  118  7:33  Barracks Reactor  
  118  7:34  SCV  
  118  7:36  Armory, Engineering Bay  
  120  7:40  SCV  
  120  7:41  Barracks Tech Lab  
  120  7:42  Marauder x2, SCV  
  125  7:46  Barracks  
  125  7:51  Terran Infantry Armor Level 1  
  123  7:56  SCV  
  123  7:57  Supply Depot  
  123  7:58  Missile Turret  
  123  8:01  Marauder  
  123  8:03  Marauder  
  123  8:04  Marine x2  
  127  8:07  Missile Turret  
  130  8:13  Marine, Medivac x2  
  130  8:14  Marine  
  136  8:22  Terran Infantry Weapons Level 2, Missile Turret  
  136  8:24  Marine x2  
  136  8:26  Marauder  
  140  8:30  Marauder  
  140  8:32  Supply Depot x2  
  140  8:33  Supply Depot, Barracks Reactor  
  139  8:34  Marine  
  139  8:35  Supply Depot, Barracks  
  139  8:36  Marine  
  140  8:53  Widow Mine x2  
  140  8:54  Marine x2, Marauder  
  140  8:55  Marauder x2  
  152  8:57  Refinery  
  152  9:09  Marine x4  
  152  9:12  SCV x2  
  152  9:13  SCV  
  152  9:15  Marauder  
  152  9:16  Marauder  
  155  9:21  Widow Mine x2  
  155  9:22  Marine x2  
  157  9:25  Marine x2  
  157  9:28  SCV x2, Medivac x2  
  159  9:48  Terran Infantry Armor Level 2  
  159  9:50  Marine x4  
  159  9:51  Marauder x2  
  159  9:52  Concussive Shells, Marine x2  
  157  9:53  Widow Mine x2  
  157  9:54  SCV x2  
  157  9:55  SCV  
  157  9:59  Barracks Tech Lab  
  160  10:06  Marauder  
  162  10:08  Marine x3  
  162  10:12  Marauder  
  142  10:24  Marine x3, Marauder x2  
  142  10:26  SCV x2  
  144  10:31  Widow Mine x2  
  130  10:41  Marine x2  
  130  10:42  Marine x2  
  100  10:52  Marine x3  
  100  10:53  Marauder x3  
  105  10:59  Marine  
  105  11:02  Marine x2  
  105  11:04  Terran Infantry Weapons Level 3  
  104  11:09  Marine  
  98  11:13  Marine x2  
  98  11:14  Marauder x2  
  98  11:18  Marine x2  
  102  11:22  Widow Mine x2  
  102  11:24  Marine x2  
  112  11:32  Marauder x2  
  112  11:34  SCV  
  112  11:36  Marine x2  
  112  11:39  SCV  
  116  11:40  Orbital Command  
  116  11:46  Sensor Tower  
  116  11:47  SCV  
  115  11:51  Liberator, Marine x2, Marauder x2  
  115  11:52  Liberator  
  115  11:53  Marine x2  
  119  12:02  SCV x2  
  119  12:07  SCV  
  125  12:14  SCV  
  129  12:20  Marauder x2  
  129  12:21  Marauder  
  135  12:23  Marine  
  135  12:24  Marine  
  135  12:26  Marine  
  135  12:27  Marine  
  137  12:30  SCV  
  137  12:31  SCV  
  137  12:41  Marine x3  
  139  12:45  SCV  
  139  12:47  Marine x4  
  142  12:52  SCV x2, Refinery  
  142  12:53  Marine x3  
  142  12:55  Refinery  
  142  12:58  Medivac x2  
  151  12:59  Marine  
  151  13:00  Marine, Marauder  
  151  13:05  Marine x3  
  152  13:11  Marauder  
  152  13:12  Marine  
  151  13:13  Marauder x2  
  151  13:16  Marine  
  151  13:18  Marine  
  150  13:21  Marine  
  150  13:23  Marine x3  
  150  13:26  Refinery  
  157  13:27  Refinery  
  157  13:30  Marine  
  157  13:31  Medivac  
  157  13:32  Marine  
  158  13:45  Marine x4, Marauder x3  
  163  14:00  Marine x3  
  137  14:02  Marine  
  137  14:05  Medivac  
  137  14:06  Marine x4  
  137  14:08  Marauder  
  137  14:09  Marauder  
  122  14:18  Marine x2  
  101  14:24  Marine x4, Marauder x2  
  101  14:30  Medivac  
  97  14:32  Marine x2  
  97  14:34  SCV x3  
  92  14:45  Marine x3  
  92  14:46  Marine  
  90  14:52  Marine x3  
  90  14:53  Marauder x3  
  94  15:01  Orbital Command  
  94  15:10  Marine x3  
  94  15:11  Marine x2, Marauder  
  94  15:12  Marine  
  94  15:14  Marine x2, Marauder  
  110  15:28  Marine x3  

Tags
 
Add a new tag
Caveats
  • Supply blocks, unpowered buildings, or Contaminate may cause inaccurate times.
  • Supply counts are checked every 10 seconds.